 Dungeon Crawl Stone Soup version 0.29.1-1-gd02db6906a (webtiles) character file.

Game seed: 1967263645603827640

37872 Zeus21348 the Severer (level 13, -8/117 HPs)
             Began as a Hill Orc Fighter on Sept 21, 2022.
             Was a High Priest of Okawaru.
             Mangled by a blink frog simulacrum (12 damage)
             ... on level 1 of the Lair of Beasts.
             The game lasted 00:23:02 (24448 turns).

Zeus21348 the Severer (Hill Orc Fighter)           Turns: 24448, Time: 00:23:02

Health: -8/117     AC: 16    Str: 26    XL:     13   Next: 99%
Magic:  21/21      EV:  5    Int: 12    God:    Okawaru [*****.]
Gold:   958        SH:  8    Dex: 10    Spells: 12/12 levels left

rFire   . . .      SeeInvis .   R - +3 broad axe (freeze)
rCold   . . .      Faith    .   L - +2 buckler "Tefin" {Will+ rCorr}
rNeg    . . .      Spirit   .   H - +3 chain mail
rPois   +          Reflect  .   (no helmet)
rElec   .          Harm     .   o - scarf {+Inv}
rCorr   +          Rampage  .   (no gloves)
Will    +....                   u - +0 pair of boots
Stlth   ..........              (no amulet)
HPRegen 0.29/turn               q - ring of poison resistance
MPRegen 0.17/turn               d - +6 ring of strength

@: constricted
A: no striking features
a: Renounce Religion, Evoke Invisibility, Heroism, Finesse, Duel


You were on level 1 of the Lair of Beasts.
You worshipped Okawaru.
Okawaru was extremely pleased with you.
You visited 3 branches of the dungeon, and saw 15 of its levels.

You collected 958 gold pieces.

Inventory:

Hand Weapons
 n - a +4 war axe of protection
 Q - the +8 mace of the Cup {holy, rPois Int+3 SInv}
   (You found it on level 9 of the Dungeon)

   It has been blessed by the Shining One to cause great damage to the undead
   and demons.
   Int:       It affects your intelligence (+3).
   rPois:     It protects you from poison.
   SInv:      It lets you see invisible.
 R - a +3 broad axe of freezing (weapon)
Missiles
 r - 4 throwing nets (quivered)
Armour
 i - a +1 tower shield
 o - a scarf of invisibility (worn)
 s - a +0 plate armour
 u - a +0 pair of boots (worn)
 H - a +3 chain mail (worn)
 L - the +2 buckler "Tefin" (worn) {Will+ rCorr}
   (Okawaru gifted it to you on level 2 of the Lair of Beasts)

   rCorr:     It protects you from acid and corrosion.
   Will:      It increases your willpower.
Jewellery
 d - a +6 ring of strength (right hand)
 e - a +6 ring of dexterity
 q - a ring of poison resistance (left hand)
 v - a ring of willpower
 F - a ring of flight
 I - an amulet of magic regeneration
 K - a ring of see invisible
Wands
 A - a wand of paralysis (20)
 C - a wand of flame (36)
 G - a wand of digging (6)
 J - a wand of mindburst (9)
Scrolls
 c - 3 scrolls of teleportation
 h - 2 scrolls of fear
 l - 4 scrolls of blinking
 x - a scroll of silence
 y - 3 scrolls of poison
 M - 2 scrolls of brand weapon
 N - 2 scrolls of amnesia
Potions
 a - 2 potions of flight
 b - 2 potions of lignification
 f - 6 potions of curing
 g - 3 potions of attraction
 j - 2 potions of heal wounds
 k - 3 potions of invisibility
 m - 3 potions of magic
 p - 5 potions of haste
 t - 4 potions of berserk rage
 z - 3 potions of mutation
 D - a potion of brilliance {unknown}
 O - a potion of degeneration {unknown}
 P - 3 potions of resistance
 S - a potion of might
Miscellaneous
 E - a lightning rod (4/4)
 T - a phantom mirror


   Skills:
 + Level 11.7 Fighting
 + Level 16.7 Axes
 + Level 11.5 Armour
 * Level 10.8 Shields
 * Level 11.8 Invocations
 * Level 6.9 Evocations


You had 12 spell levels left.
You didn't know any spells.
Your spell library contained the following spells:

 Spells                   Type           Power      Damage    Failure   Level
 Apportation              Tloc           0%         N/A       87%         1
 Foxfire                  Conj/Fire      0%         2x1d4     87%         1
 Magic Dart               Conj           0%         1d3       87%         1
 Necrotise                Necr           0%         1d4       87%         1
 Sandblast                Erth           0%         2d4       87%         1
 Passwall                 Tmut/Erth      0%         N/A       95%         2
 Static Discharge         Conj/Air       0%         3-3/arc   95%         2
 Dazzling Flash           Conj/Hex       0%         N/A       99%         3
 Ignite Poison            Fire/Tmut/Pois 0%         N/A       99%         3
 Stone Arrow              Conj/Erth      0%         3d7       99%         3
 Vampiric Draining        Necr           0%         2d6       99%         3
 Dispel Undead            Necr           0%         3d6       100%        4
 Hailstorm                Conj/Ice       0%         3d3       100%        4
 Ice Form                 Ice/Tmut       0%         N/A       100%        4
 Sticky Flame             Conj/Fire      0%         2d3       100%        4
 Agony                    Necr           0%         N/A       100%        5
 Iskenderun's Battlesphe  Conj           0%         2d6       100%        5
 Silence                  Hex/Air        0%         N/A       100%        5
 Iron Shot                Conj/Erth      0%         9d1       100%        6
 Orb of Destruction       Conj           0%         9d5       100%        7
 Summon Small Mammal      Summ           Unusable   N/A       N/A         1
 Summon Guardian Golem    Hex/Summ       Unusable   N/A       N/A         3
 Simulacrum               Ice/Necr       Unusable   N/A       N/A         6
 Spellforged Servitor     Conj/Summ      Unusable   N/A       N/A         7

Dungeon Overview and Level Annotations

Branches:
Dungeon (9/15)             Temple (1/1) D:4            Lair (5/5) D:9
  Swamp (0/4) Lair:2        Snake (0/4) Lair:2        Slime (0/5) Lair:4
    Orc: D:9-12

Altars:
Ashenzari
Cheibriados
Dithmenos
Elyvilon
Fedhas
Gozag
Hepliaklqana
Kikubaaqudgha
Makhleb
Nemelex Xobeh
Okawaru
Qazlal
Sif Muna
Trog
Uskayaw
Vehumet
Wu Jian
Xom
Yredelemnul
Zin
The Shining One
Jiyva

Shops:
D:4 (   D:7 *

Annotations:
D:9 6 transporters, SonOfSpiff's ghost, novice TrBe
Lair:1 1 transporter


Message History

The anaconda simulacrum is lightly damaged.
You block the anaconda simulacrum's attack.
The anaconda simulacrum constricts you.
You slash the anaconda simulacrum!
The anaconda simulacrum is heavily damaged.
You completely miss the blink frog simulacrum.
The anaconda simulacrum bites you! The anaconda simulacrum freezes you!
The anaconda simulacrum constricts you.
You block the blink frog simulacrum's attack.
You hit the anaconda simulacrum.
The anaconda simulacrum is heavily damaged.
You barely miss the blink frog simulacrum.
The anaconda simulacrum bites you! The anaconda simulacrum freezes you!!
* * * LOW HITPOINT WARNING * * *
The anaconda simulacrum constricts you. The blink frog simulacrum hits you.
* * * LOW HITPOINT WARNING * * *
The blink frog simulacrum freezes you!
* * * LOW HITPOINT WARNING * * *
The anaconda simulacrum bites you but does no damage.
The anaconda simulacrum constricts you.
You feel much better.
You block the blink frog simulacrum's attack.
The anaconda simulacrum barely misses you.
The anaconda simulacrum constricts you.
The anaconda simulacrum's grasp on you weakens, but your attempt to escape fails.
The anaconda simulacrum completely misses you.
The anaconda simulacrum constricts you.
* * * LOW HITPOINT WARNING * * *
The blink frog simulacrum hits you!
* * * LOW HITPOINT WARNING * * *
The blink frog simulacrum freezes you!
* * * LOW HITPOINT WARNING * * *
The wyvern simulacrum closely misses you.
The anaconda simulacrum bites you but does no damage.
The anaconda simulacrum constricts you.
* * * LOW HITPOINT WARNING * * *
The blink frog simulacrum hits you.
* * * LOW HITPOINT WARNING * * *
The blink frog simulacrum freezes you!
You die...

...........#....#####.#....##.##P
............#...#.#P#.#....P#.###
............................#.#P#
####.#...........#######....#....
#####..########..°○☼#....#..#.
#..##○°.☼☼○#°☼☼°☼#.........
#...#.○°.☼○#○°°°°#.........
########..#☼○#.#.Z°°°}:#.........
#.#..P#..©#○☼©..@ZZ○°|©#©.....#..
..........#☼°#.#.ZZ○☼[)#....#..#.
..........#.☼○.☼°#☼○☼°☼#....#.#..
..........#☼○.☼○°#°○°°○#.........
..........########..°○☼#.........
>...........)....#######.........
.................................
..............................#..
..>..........##..###.##.#####....


You could see an anaconda simulacrum, an elephant simulacrum, a bullfrog
simulacrum, a blink frog simulacrum and a wyvern simulacrum.

Vanquished Creatures
  5 dire elephants (Lair:5)
  3 hydras
  A catoblepas (D:9)
  Erolcha (D:9)
  A centaur warrior (D:9)
  5 death yaks
  A spectral dire elephant (Lair:5)
  A spectral anaconda (Lair:5)
  Amaemon (D:9)
  An obsidian statue (Lair:5)
  A lindwurm (Lair:4)
  An ugly thing (D:8)
  3 necromancers (Lair:5)
  A cyclops (D:9)
  6 elephants (Lair:5)
  A dire elephant zombie (Lair:5)
  A black mamba (Lair:5)
  2 torpor snails
  An orange demon (D:9)
  Maggie (D:6)
  11 cane toads
  A rime drake (Lair:4)
  4 komodo dragons
  2 ice devils (Lair:4)
  4 polar bears
  A queen bee (shapeshifter) (D:8)
  2 spectral elephants (Lair:5)
  A tyrant leech (Lair:2)
  9 dream sheep
  A wraith (D:9)
  A spriggan (Lair:2)
  21 yaks
  A death yak simulacrum (Lair:5)
  A basilisk (Lair:4)
  3 steam dragons (D:7)
  A spectral cane toad (Lair:5)
  2 nagas (Lair:2)
  14 water moccasins
  2 ice beasts
  5 sky beasts
  2 orc warriors (D:8)
  2 elephant zombies (Lair:5)
  5 black bears
  11 wolves
  2 ogres
  An elephant skeleton (Lair:5)
  2 centaurs
  A phantom (D:6)
  3 bullfrogs
  4 kobold brigands (D:8)
  2 gnoll sergeants
  5 necrophages
  5 scorpions
  16 wights
  An elephant simulacrum (Lair:5)
  3 killer bees (D:9)
  An electric eel (Lair:2)
  4 howler monkeys (D:9)
  3 orc priests
  3 hounds (D:4)
  4 iguanas
  5 orc wizards
  10 gnolls
  4 adders
  A shadow imp (D:8)
  3 white imps
  2 ufetubi
  2 worms
  2 dart slugs
  16 orcs
  A ball python (D:3)
  2 endoplasms
  3 giant cockroaches
  8 goblins
  7 hobgoblins
  7 jackals
  17 kobolds
  4 quokkas
  7 bats
  2 frilled lizards
  8 rats
316 creatures vanquished.

Vanquished Creatures (others)
  13 fungi
  28 plants
  26 withered plants (Lair:5)
67 creatures vanquished.

Grand Total: 383 creatures vanquished

Notes
Turn   | Place    | Note
-------+----------+-------------------------------------------
     0 | D:1      | Zeus21348 the Hill Orc Fighter began the quest for the Orb.
     0 | D:1      | Reached XP level 1. HP: 19/19 MP: 1/1
   374 | D:1      | Reached XP level 2. HP: 27/27 MP: 2/2
   604 | D:1      | Reached skill level 3 in Axes
   847 | D:1      | Found a faded altar of an unknown god.
  1126 | D:1      | Reached XP level 3. HP: 33/33 MP: 3/3
  1718 | D:2      | Identified the +6 sling of Xasamiefiy {vorpal, rC++ Dex+2}
  1927 | D:3      | Reached XP level 4. HP: 38/40 MP: 4/4
  1932 | D:3      | Reached skill level 4 in Axes
  2119 | D:3      | Reached XP level 5. HP: 23/47 MP: 5/5
  2313 | D:3      | Found a hide-covered altar of Uskayaw.
  2350 | D:3      | Reached skill level 5 in Axes
  3124 | D:4      | Noticed an ogre
  3382 | D:4      | Reached XP level 6. HP: 39/53 MP: 6/6
  3387 | D:4      | Reached skill level 6 in Axes
  4100 | D:4      | Reached skill level 5 in Armour
  4131 | D:4      | Reached skill level 5 in Fighting
  4131 | D:4      | Reached skill level 7 in Axes
  4131 | D:4      | Reached XP level 7. HP: 29/61 MP: 7/7
  4295 | D:4      | Found Iczeosoi's Weapon Boutique.
  4613 | D:4      | Found a staircase to the Ecumenical Temple.
  4626 | Temple   | Entered the Ecumenical Temple
  4862 | Temple   | Became a worshipper of Warmaster Okawaru
  5194 | D:5      | Entered Level 5 of the Dungeon
  5211 | D:5      | Reached skill level 8 in Axes
  5211 | D:5      | Reached skill level 1 in Invocations
  5483 | D:5      | Reached * piety under Okawaru
  5484 | D:5      | Reached XP level 8. HP: 65/69 MP: 7/9
  6302 | D:6      | Reached skill level 9 in Axes
  6393 | D:6      | Found a bloodstained altar of Trog.
  6467 | D:6      | Noticed Maggie
  6485 | D:6      | Killed Maggie
  6485 | D:6      | Reached ** piety under Okawaru
  6486 | D:6      | Reached skill level 5 in Shields
  6486 | D:6      | Reached XP level 9. HP: 51/75 MP: 11/11
  6962 | D:6      | Reached skill level 10 in Axes
  8623 | D:7      | Reached skill level 5 in Invocations
  8727 | D:7      | Reached *** piety under Okawaru
  8788 | D:7      | Reached skill level 11 in Axes
  9201 | D:7      | Reached XP level 10. HP: 79/85 MP: 12/14
  9223 | D:7      | Reached **** piety under Okawaru
  9223 | D:7      | Received a gift from Okawaru
  9705 | D:7      | Found Biddic's General Store.
 10218 | D:8      | Reached skill level 12 in Axes
 10618 | D:8      | Found a stormy altar of Qazlal.
 11462 | D:8      | Found a hazy altar of Hepliaklqana.
 11463 | D:8      | Found a faded altar of an unknown god.
 11934 | D:9      | Reached ***** piety under Okawaru
 12046 | D:9      | Found a transporter.
 12060 | D:9      | Found a bloodstained altar of Trog.
 12061 | D:9      | Noticed a two-headed ogre
 12072 | D:9      | Noticed SonOfSpiff's ghost (novice TrBe)
 12078 | D:9      | Noticed an orange demon
 12089 | D:9      | Killed an orange demon
 12114 | D:9      | Found a transporter.
 12117 | D:9      | Noticed a two-headed ogre
 12118 | D:9      | Noticed a tengu warrior
 12129 | D:9      | Found a transporter.
 12132 | D:9      | Found a transporter.
 12147 | D:9      | Found a transporter.
 12172 | D:9      | Noticed a catoblepas
 12194 | D:9      | Killed a catoblepas
 12195 | D:9      | Reached skill level 13 in Axes
 12248 | D:9      | Noticed a centaur warrior
 12258 | D:9      | Killed a centaur warrior
 12258 | D:9      | Received a gift from Okawaru
 12259 | D:9      | Reached XP level 11. HP: 11/95 MP: 13/17
 12595 | D:9      | Noticed a cyclops
 12596 | D:9      | Noticed Erolcha
 12740 | D:9      | Noticed a white ugly thing
 12741 | D:9      | Noticed a red ugly thing
 12763 | D:8      | Killed a green ugly thing
 12838 | D:9      | Found a staircase to the Lair.
 13134 | D:9      | Found a transporter.
 13265 | D:9      | Killed a cyclops
 13266 | D:9      | Reached skill level 1 in Evocations
 13366 | D:9      | Identified the +8 mace of the Cup {holy, rPois Int+3 SInv}
 13367 | D:9      | Got the Compilation of Transforming Battling
 13541 | D:9      | Killed Erolcha
 13804 | D:9      | Noticed Amaemon
 13887 | D:9      | Killed Amaemon
 14146 | D:9      | Noticed a moth of wrath
 14230 | Lair:1   | Entered Level 1 of the Lair of Beasts
 14250 | Lair:1   | Found a transporter.
 14338 | Lair:1   | Found a transporter.
 15089 | Lair:2   | Reached skill level 14 in Axes
 15699 | Lair:2   | Found a staircase to the Snake Pit.
 16147 | Lair:2   | Identified the +2 buckler "Tefin" {Will+ rCorr} (Okawaru
                  | gifted it to you on level 2 of the Lair of Beasts)
 16147 | Lair:2   | Received a gift from Okawaru
 16713 | Lair:2   | Reached XP level 12. HP: 104/104 MP: 10/19
 16724 | Lair:2   | Reached skill level 10 in Armour
 17027 | Lair:2   | Found a staircase to the Swamp.
 17561 | Lair:3   | Noticed a death yak
 17561 | Lair:3   | Noticed a death yak
 17561 | Lair:3   | Noticed a death yak
 17622 | Lair:2   | Killed a death yak
 17629 | Lair:2   | Killed a death yak
 17630 | Lair:2   | Reached skill level 15 in Axes
 17639 | Lair:3   | Killed a death yak
 17739 | Lair:3   | Reached skill level 10 in Invocations
 17751 | Lair:3   | Noticed a seven-headed hydra
 17773 | Lair:3   | Killed a seven-headed hydra
 18896 | D:9      | Noticed an eight-headed hydra
 18907 | D:9      | Killed an eight-headed hydra
 19123 | Lair:4   | Reached skill level 10 in Fighting
 19207 | Lair:4   | Found a frozen archway.
 19374 | Lair:4   | Reached skill level 5 in Evocations
 19684 | Lair:4   | Noticed a death yak
 19702 | Lair:4   | Killed a death yak
 19702 | Lair:4   | Identified the +0 robe of Minor Irritation {Dex+4} (Okawaru
                  | gifted it to you on level 4 of the Lair of Beasts)
 19702 | Lair:4   | Received a gift from Okawaru
 20139 | Lair:4   | Found a staircase to the Slime Pits.
 20139 | Lair:4   | Found a viscous altar of Jiyva.
 20299 | Lair:4   | Reached XP level 13. HP: 89/114 MP: 20/20
 21050 | Lair:5   | Entered Level 5 of the Lair of Beasts
 21291 | Lair:5   | Reached skill level 10 in Shields
 21508 | Lair:5   | Reached skill level 16 in Axes
 22057 | Lair:5   | Noticed a dire elephant
 22057 | Lair:5   | Noticed a dire elephant
 22057 | Lair:5   | Noticed a dire elephant
 22057 | Lair:5   | Noticed a dire elephant
 22076 | Lair:5   | Killed a dire elephant
 22900 | Lair:5   | Noticed a dire elephant
 23666 | Lair:5   | Killed a dire elephant
 23681 | Lair:5   | Killed a dire elephant
 23694 | Lair:5   | Killed a dire elephant
 23698 | Lair:5   | Killed a dire elephant
 23698 | Lair:5   | Received a gift from Okawaru
 24446 | Lair:1   | HP: 3/117 [blink frog simulacrum (8)]
 24448 | Lair:1   | Mangled by a blink frog simulacrum

Illustrated notes

Levels and vault maps discovered:
D:1:      nzn_arrival_settlement, layout_basic,
          ebering_ecumenical_altar_petrified
D:2:      layout_rooms
D:3:      layout_rooms, lemuel_doored_altar
D:4:      layout_cave_pools, minmay_temple_entry_hall, serial_shops,
          nicolae_shop_competitors_out_of_business
D:5:      layout_rooms, chequers_mini_garden
D:6:      layout_layer_cave, mainiacjoe_overflow_six_doors_small,
          kennysheep_generic_room_14, uniq_maggie
D:7:      cheibrodos_steamvent, layout_loops_cross, serial_shops,
          nicolae_shop_window_shopping
D:8:      layout_loops_ring, grunt_qazlal_clouds,
          beargit_hepliaklqana_dungeon_heroes
D:9:      minmay_the_grid_triangle_9x9_recursive_2
          [minmay_the_grid_triangle_9x9_prize_top_heavy,
          minmay_the_grid_triangle_9x9_descending_squares,
          minmay_the_grid_triangle_9x9_minimal,
          minmay_the_grid_triangle_9x9_zippers_vertical], layout_stronghold,
          lair_entry_dummy, gammafunk_ghost_wrathful_warriors,
          nicolae_transporter_circle, uniq_amaemon, uniq_erolcha
Temple:   nicolae_temple_bog_church
Lair:1:   gammafunk_cloud_chamber, layout_gridlike
Lair:2:   layout_loops_ring, minmay_swamp_entry_worms,
          guppyfry_snake_entry_garden, forest_entry_grove, serial_bayou_shore_a
Lair:3:   layout_regular_city, serial_bayou_lagoon_a
Lair:4:   layout_cave_pods, slime_entry_1, portal_ice_cave_demonic_guard,
          nicolae_volcano_entry_vermiform, grunt_megastairs_3
Lair:5:   due_jungle_book, layout_regular_city, gauntlet_entry_generic

Skill      XL: |  1  2  3  4  5  6  7  8  9 10 11 12 13 |
---------------+----------------------------------------+-----
Axes           | 3 4 5 7 8 9 11 13 14 15 16 | 16.7
Fighting       | 4 5 6 7 8 9 10 11 | 11.7
Armour         | 4 5 6 7 9 10 11 | 11.5
Shields        | 4 5 6 7 8 9 10 | 10.8
Invocations    | 1 3 5 8 9 10 11 | 11.8
Evocations     | 3 5 6 |  6.9

Action                   |  1- 3 |  4- 6 |  7- 9 | 10-12 | 13-15 || total
-------------------------+-------+-------+-------+-------+-------++-------
Melee: War axe           |   111 |    88 |   283 |   602 |   287 ||  1371
       Demon whip        |       |       |       |    22 |       ||    22
       Broad axe         |       |       |       |       |    10 ||    10
       Mace              |       |       |       |       |     7 ||     7
Invok: Heroism           |       |       |     1 |    11 |     5 ||    17
       Finesse           |       |       |       |     8 |     4 ||    12
  Use: Potion            |       |     3 |     2 |       |     2 ||     7
       Scroll            |       |       |     7 |     7 |     7 ||    21
Armor: Scale mail        |    84 |    39 |       |       |       ||   123
       Plate armour      |       |     5 |   159 |    51 |       ||   215
       Skin              |       |       |    31 |       |       ||    31
       Chain mail        |       |       |       |   193 |   131 ||   324
Dodge: Dodged            |    64 |    68 |    77 |   151 |    60 ||   420
Block: Buckler           |    25 |    22 |    66 |   114 |    74 ||   301
       Kite shield       |       |       |       |    94 |       ||    94
